[Event "Live Chess"]
[Site "Chess.com"]
[Date "2024.06.01"]
[Round "-"]
[White "Eva3337"]
[Black "ShanthamGrarks"]
[Result "0-1"]
[WhiteElo "1156"]
[BlackElo "1912"]
[TimeControl "300"]
[EndTime "12:54:37 PDT"]
[Termination "ShanthamGrarks won by resignation"]

1. e4 e5 2. c3 d5 3. Bd3 Nf6 4. Qe2 c6 5. Bc2 Bd6 6. d3 Bg4 7. f3 Bh5 8. Nh3 Nbd7 9. Bg5 Qb6 10. b3 O-O 11. Nf2 h6 12. Bh4 d4 13. c4 Bb4+ 14.
Nd2 Qa5 15. Rg1 Bc3 16. Rd1 Qxa2 17. Rc1 Bg6 18. g4 b5 19. cxb5 Qb2 20. g5 Qxc1+ 21. Bd1 hxg5 22. Bxg5 Nh5 23. Be7 Nf4 0-1

[Event "Live Chess"]
[Site "Chess.com"]
[Date "2024.06.01"]
[Round "-"]
[White "StoreySniper"]
[Black "Frankie_Badacsonyi"]
[Result "1/2-1/2"]
[WhiteElo "2530"]
[BlackElo "2440"]
[TimeControl "300"]
[EndTime "12:55:11 PDT"]
[Termination "Game drawn by stalemate"]

1. e4 c6 2. d3 d5 3. Nd2 g6 4.
Ngf3 Bg7 5. g3 Bg4 6. h3 Bxf3 7. Qxf3 e6 8. Bg2 Ne7 9. O-O O-O 10. Re1 Nd7 11.
Nf1 Qb6 12. c3 Rad8 13. h4 h5 14. Bh3 Ne5 15. Qe2 dxe4 16. dxe4 Nd3 17. Be3 Qxb2 18. Qxb2 Nxb2 19. e5 Nd3 20. Reb1 b6 21. f4 Nf5 22. Bxf5 gxf5 23. a4 Rfe8 24. a5 bxa5 25. Rxa5 Rd7 26. Bxa7 Bf8 27. Be3 Rd5 28. Ra6 Rc8 29. Rbb6 c5 30.
Rc6 Rxc6 31. Rxc6 Nb2 32. Rc8 Nc4 33. Bf2 Kg7 34. Ne3 Nxe3 35. Bxe3 Rd3 36. Bxc5 Bxc5+ 37. Rxc5 Rxg3+ 38. Kf2 Rh3 39. Rc8 Rxh4 40. Kg3 Rg4+ 41. Kf3 h4 42. Ra8 Rg3+ 43. Kf2 Rxc3 44. Ra1 h3 45.
Rg1+ Kh6 46. Rg8 Kh5 47. Rg7 Kh4 48. Rg8 h2 49. Kg2 Rc2+ 50. Kh1 Rf2 51. Rh8+ Kg3 52. Rh3+ Kxf4 53. Rh4+ Ke3 54. Re4+ Kd2 55. Rd4+ Ke1 56. Rd1+ Ke2 57. Rd2+ Kf3 58. Rd3+ Kf4 59. Rd4+ Kg5 60. Rg4+ Kh6 61. Rg6+ fxg6 1/2-1/2

[Event "Live Chess"]
[Site "Chess.com"]
[Date "2024.06.01"]
[Round "-"]
[White "Queensandpawns"]
[Black "Enhard"]
[Result "1-0"]
[WhiteElo "2382"]
[BlackElo "1427"]
[TimeControl "300"]
[EndTime "12:55:22 PDT"]
[Termination "Queensandpawns won on time"]

1. e4 e6 2. d4 d5 3. Nd2 Nf6 4. e5 Nfd7 5. Ne2 c5 6. Nf3 Nc6 7. c3 Qb6 8. Qb3 c4 9. Qxb6 Nxb6 10. Nf4 Be7 11. Be2 Bd7 12. O-O h6 13. b4 cxb3 14. axb3 a6 15. c4 Nb4 16. c5 Nc2 17. Ra2 Nb4 18.
Ra1 Nc8 19. Bd2 Nc6 20. b4 N8a7 21. b5 axb5 22. Bxb5 O-O 23. Bd3 Bd8 24. Rab1 Rb8 25. h4 b6 26. Rfc1 Bc7 27. Ne2 bxc5 28. Rxb8 Rxb8 29. Rxc5 Bb6 30. Rc1 Bd8 31. g4 Be7 32. g5 h5 33. g6 Rb3 34. gxf7+ Kxf7 35. Nf4 Rb2 36. Bc3 Rb3 37. Bg6+ Kg8 38. Nxh5 Nb5 39. Ng5 Bxg5 40. hxg5 Nxc3 41. Ra1 Rb8 42. Ra6 Nxd4 43.
Ra7 Rd8 44. Bd3 Nf3+ 45. Kg2 Nxe5 46. Bc2 Nb5 47. Rb7 Nd4 48. Bb1 Nf5 49. f4 Nc4 50. Rc7 Nfe3+ 51. Kg3 Nf5+ 52. Kg4 Nfd6 53. Bg6 Ne3+ 54.
Kf3 Nef5 55. Bxf5 Nxf5 56. Ra7 Nd4+ 57. Kg3 Ne2+ 58. Kf2 Nd4 59. Ng3 Nf5 60. Nxf5 exf5 61. Ke3 g6 62. Ra6 Kg7 63. Rxg6+ 1-0

[Event "Live Chess"]
[Site "Chess.com"]
[Date "2024.06.01"]
[Round "-"]
[White "chessfiction"]
[Black "DJ_Lambton"]
[Result "1-0"]
[WhiteElo "2395"]
[BlackElo "1751"]
[TimeControl "300"]
[EndTime "12:55:41 PDT"]
[Termination "chessfiction won by resignation"]

1. d4 d5 2. Nc3 Nf6 3. Bf4 Bf5 4.
e3 e6 5. Nb5 Na6 6. Nf3 c6 7.
Nc3 Bb4 8. a3 Bxc3+ 9. bxc3 O-O 10. Bd3 Bxd3 11. cxd3 Rc8 12. O-O c5 13. Rb1 cxd4 14.
cxd4 b6 15. Qa4 Nc7 16. Qxa7 Rb8 17. Bxc7 1-0

[Event "Live Chess"]
[Site "Chess.com"]
[Date "2024.06.01"]
[Round "-"]
[White "CarmelJane"]
[Black "AlexanderMatlak"]
[Result "0-1"]
[WhiteElo "2076"]
[BlackElo "2486"]
[TimeControl "300"]
[EndTime "12:56:12 PDT"]
[Termination "AlexanderMatlak won by resignation"]

1. e4 c5 2. Nf3 d6 3. c3 Nf6 4. Be2 g6 5. O-O Bg7 6. Re1 O-O 7. Bf1 Nc6 8. h3 Rb8 9. d4 Nd7 10. d5 Nce5 11. Nxe5 Nxe5 12. f4 Nd7 13. a4 b6 14. Na3 a6 15. Be3 Qc7 16. Bf2 e6 17.
dxe6 fxe6 18. Bc4 Nf6 19. f5 gxf5 20. exf5 d5 21. fxe6 dxc4 22. Nxc4 Re8 23. Qf3 Bxe6 24. Bg3 Qa7 25. Bxb8 Qxb8 26. Ne3 Rf8 27. Qc6 Bc8 28. Nd5 Nxd5 29. Qxd5+ Kh8 30. Rf1 Rg8 31. Rae1 Bb7 32. Qd3 Bd4+ 0-1

[Event "Live Chess"]
[Site "Chess.com"]
[Date "2024.06.01"]
[Round "-"]
[White "yarek"]
[Black "dhairyapandyauk"]
[Result "0-1"]
[WhiteElo "1723"]
[BlackElo "1666"]
[TimeControl "300"]
[EndTime "12:56:13 PDT"]
[Termination "dhairyapandyauk won on time"]

1. e4 e5 2. d4 exd4 3. Qxd4 Nc6 4. Qe3 d6 5. Nc3 Be6 6. Bd2 Nf6 7. O-O-O Qe7 8. Bb5 Bd7 9. Nf3 a6 10. Bxc6 Bxc6 11.
Rhe1 O-O-O 12. Qa7 Qe6 13. Nd4 Qe8 14. Nd5 Bxd5 15. exd5 Qa4 16. Qa8+ Kd7 17. Qxb7 Be7 18. Qc6+ Qxc6 19. dxc6+ Ke8 20. Nf5 Ng8 21. Bg5 f6 22. Nxg7+ Kf7 23. Ne6 fxg5 24. Nxd8+ Bxd8 25. Rd3 Bf6 26. Ra3 Ne7 27. Rxa6 Rb8 28. b3 Be5 29. g3 Nd5 30. c4 Nb4 31. Rxe5 dxe5 32. Ra7 Nxc6 33. Rxc7+ Ne7 34. Kc2 Ke6 35. b4 Kd6 36. Ra7 Rxb4 37.
c5+ Ke6 38. Kc3 Rb1 39. a4 Rc1+ 40. Kb4 Nc6+ 41. Kb5 Nxa7+ 42. Kb6 Nc8+ 43. Kb5 Kd5 44. a5 Rxc5+ 45. Kb4 Na7 46. a6 Rb5+ 0-1

[Event "Live Chess"]
[Site "Chess.com"]
[Date "2024.06.01"]
[Round "-"]
[White "stevochess11"]
[Black "MagnersCarlsberg2870"]
[Result "0-1"]
[WhiteElo "1707"]
[BlackElo "1831"]
[TimeControl "300"]
[EndTime "12:56:23 PDT"]
[Termination "MagnersCarlsberg2870 won by checkmate"]

1. d4 Nf6 2. Nf3 d5 3. e3 c5 4. dxc5 Qa5+ 5. Nbd2 Qxc5 6. c4 Nc6 7. b3 Bg4 8. Bb2 e5 9. h3 Bxf3 10. Nxf3 Bd6 11. Rc1 Qa5+ 12. Qd2 Bb4 13. Bc3 Ne4 14. Bxb4 Nxb4 15. Qd1 Nxa2+ 16. Nd2 Nxc1 17. Qxc1 dxc4 18. Bxc4 Rd8 19. O-O Qxd2 20. Qa3 Nd6 21. Qxa7 Nxc4 22. bxc4 O-O 23. Qxb7 Rb8 24. Qe4 f6 25. Kh2 Rfc8 26.
Qf5 Qc3 27. Qe6+ Kh8 28. Rb1 Re8 29. Qf7 Qd3 30. Rb7 Rg8 31. Rxb8 Rxb8 32. c5 Qc3 33. Qc7 Qb4 34. c6 Qb6 35. Qd7 Rd8 36. Qe6 h6 37. h4 Qc7 38. Kh3 Rd6 39. Qe8+ Kh7 40. h5 f5 41. Qxe5 Qxc6 42. Qxf5+ Kg8 43. g4 Rf6 44.
Qe5 Qh1+ 45. Qh2 Qxh2+ 46. Kxh2 Rxf2+ 47. Kg3 Rf8 48. Kg2 Kf7 49. Kg3 Ke6 50. Kg2 Kd5 51.
Kg3 Ke4 52. Kg2 Kxe3 53. Kg3 Rf3+ 54. Kh4 Rf4 55. Kh3 Kf3 56. Kh4 Rxg4+ 57. Kh3 Rg5 58. Kh4 Kf4 59. Kh3 Rxh5+ 60. Kg2 g5 61. Kf2 g4 62. Kf1 g3 63. Kg2 Rh2+ 64. Kg1 Kf3 65. Kf1 Rh1# 0-1

[Event "Live Chess"]
[Site "Chess.com"]
[Date "2024.06.01"]
[Round "-"]
[White "Tushinskiy"]
[Black "Hacker_2009"]
[Result "1-0"]
[WhiteElo "2259"]
[BlackElo "2220"]
[TimeControl "300"]
[EndTime "12:56:27 PDT"]
[Termination "Tushinskiy won by resignation"]

1. d4 d5 2. c3 Nf6 3. Nf3 e6 4.
Bf4 c5 5. Bg3 cxd4 6. cxd4 Nc6 7.
e3 Bb4+ 8. Nbd2 Ne4 9. a3 Ba5 10. b4 Bc7 11. Nxe4 dxe4 12. Nd2 f5 13. Bc4 O-O 14.
O-O Bxg3 15. hxg3 Rf6 16. Rc1 Rh6 17. Nb3 Qg5 18. d5 exd5 19. Bxd5+ Kh8 20. Bxc6 bxc6 21. Nc5 Be6 22. Nxe6 Rxe6 23. Qd7 Rh6 24. Rxc6 Rd8 25. Rc8 Rd6 26. Rxd8+ Qxd8 27. Qxd8+ Rxd8 28. Rc1 h6 29. Rc7 a5 30. b5 Rd1+ 31. Kh2 Rb1 32. a4 Rb2 33. Ra7 1-0

[Event "Live Chess"]
[Site "Chess.com"]
[Date "2024.06.01"]
[Round "-"]
[White "imchessive"]
[Black "nigelst"]
[Result "1-0"]
[WhiteElo "1597"]
[BlackElo "1632"]
[TimeControl "300"]
[EndTime "12:56:31 PDT"]
[Termination "imchessive won by resignation"]

1. d4 Nf6 2. c4 e6 3. Nf3 Bb4+ 4. Nc3 O-O 5. g3 c5 6. Bg2 d6 7. Bf4 Bxc3+ 8. bxc3 Qa5 9. Qb3 Rd8 10. Rb1 Ne4 11.
O-O Qxc3 12. Qb5 a6 13. Qb6 Nd7 14. Qxd8+ Nf8 15. Ng5 Nxg5 16. Bxd6 h6 17. Qxf8+ Kh7 18. h4 1-0

[Event "Live Chess"]
[Site "Chess.com"]
[Date "2024.06.01"]
[Round "-"]
[White "GoldsmanB"]
[Black "NottheBishopSacrifice"]
[Result "0-1"]
[WhiteElo "1073"]
[BlackElo "2263"]
[TimeControl "300"]
[EndTime "12:56:39 PDT"]
[Termination "NottheBishopSacrifice won by resignation"]

1. d4 d5 2. Bf4 Nf6 3. e3 c5 4.
Nf3 Nc6 5. c3 Qb6 6. b3 Bf5 7.
Nbd2 e6 8. Be2 Be7 9. O-O O-O 10.
c4 cxd4 11. Nxd4 Nxd4 12. exd4 Qxd4 13. Be3 Qe5 14. Nf3 Qc7 15. cxd5 Nxd5 16. Rc1 Nxe3 17. Rxc7 Nxd1 18. Rxd1 Bf6 19. Rdd7 Be4 20. Nd2 Bc6 21. Rd6 Be5 22. Rdxc6 bxc6 23. Rxc6 Rac8 24. Rxc8 Rxc8 25. g3 Rc2 0-1

[Event "Live Chess"]
[Site "Chess.com"]
[Date "2024.06.01"]
[Round "-"]
[White "booktrunk"]
[Black "blunderabit"]
[Result "1-0"]
[WhiteElo "1388"]
[BlackElo "1810"]
[TimeControl "300"]
[EndTime "12:56:56 PDT"]
[Termination "booktrunk won on time"]

1. d4 d5 2. Nc3 Nf6 3. Bf4 c6 4. e3 Bf5 5. h4 e6 6. Bd3 Bb4 7. a3 Bxc3+ 8. bxc3 Qa5 9. Qd2 Ne4 10. Bxe4 Bxe4 11.
f3 Bf5 12. Ne2 h6 13. Ng3 Bh7 14. Nh5 O-O 15. g4 Nd7 16. g5 hxg5 17. Bxg5 f6 18.
Bf4 e5 19. dxe5 fxe5 20. Bg5 Rae8 21. Rg1 Rf7 22. Bh6 g6 23. Ng3 Kh8 24. h5 Rg8 25. hxg6 Rxg6 26. e4 d4 27. c4 Qxd2+ 28. Kxd2 Rxf3 29.
Nf5 Rxg1 30. Rxg1 Bxf5 31. exf5 Rxf5 32. Rg7 Nc5 33. Re7 e4 34. Bg7+ Kg8 35. Bxd4 a5 36. Ke3 Rf3+ 37. Ke2 Na4 38. Rxe4 Rxa3 39. Rg4+ Kf8 40.
Rg7 b5 41. cxb5 cxb5 42. Bc5+ Nxc5 43. Rg5 Rc3 44. Kd2 Rc4 45. c3 a4 46. Rg1 a3 47.
Ra1 Nb3+ 48. Kc2 Nxa1+ 49. Kb1 1-0

[Event "Live Chess"]
[Site "Chess.com"]
[Date "2024.06.01"]
[Round "-"]
[White "Sweet-O"]
[Black "Kyrylo7770"]
[Result "1-0"]
[WhiteElo "1566"]
[BlackElo "1672"]
[TimeControl "300"]
[EndTime "12:57:15 PDT"]
[Termination "Sweet-O won by checkmate"]

1. d4 d5 2. Nc3 Bg4 3. Bf4 e6 4. f3 Bh5 5. g4 Bg6 6. h4 h5 7.
g5 Bd6 8. Nh3 Bxf4 9. Nxf4 Qd6 10. e3 Bf5 11. Bd3 Bxd3 12. Qxd3 g6 13. O-O-O Nc6 14.
Nb5 Qb4 15. Nxc7+ Ke7 16. Nxa8 a5 17. Nc7 a4 18. Qb5 Qxb5 19. Nxb5 Nb4 20. a3 Nc6 21. e4 dxe4 22. fxe4 Kd7 23. d5 exd5 24. exd5 Ne5 25. Rhe1 Nc4 26. b3 Nb6 27. b4 Ne7 28. d6 Nf5 29. Nd5 Nc4 30. Nf6+ Kc6 31. Nd4+ Kxd6 32. Nxf5+ Kc6 33. Nd4+ Kb6 34. Nd5+ Ka7 35. Nb5+ Ka6 36.
Ndc7+ Kb6 37. Re7 Rc8 38. Rxf7 Ne3 39. Rd6# 1-0

[Event "Live Chess"]
[Site "Chess.com"]
[Date "2024.06.01"]
[Round "-"]
[White "KeithArkell"]
[Black "KwikPhoenix"]
[Result "0-1"]
[WhiteElo "2457"]
[BlackElo "2463"]
[TimeControl "300"]
[EndTime "12:57:16 PDT"]
[Termination "KwikPhoenix won by resignation"]

1. d4 f5 2. Nf3 Nf6 3. Bg5 e6 4. Nbd2 h6 5. Bxf6 Qxf6 6. e4 d6 7. e5 Qd8 8. Bc4 d5 9. Bb3 c5 10. c3 Nc6 11. h4 Be7 12. h5 Qb6 13. dxc5 Bxc5 14. O-O O-O 15. Nh4 Nxe5 16. Ndf3 Nxf3+ 17. Qxf3 Bd7 18. Ng6 Rf6 19. Rae1 Be8 20. Re2 Bb5 21.
Rfe1 Bxe2 22. Rxe2 a5 23. Rxe6 Rxe6 24. Qxd5 Bxf2+ 25. Kf1 Re8 26. Nf4 Bg3 27. Ne2 0-1

[Event "Live Chess"]
[Site "Chess.com"]
[Date "2024.06.01"]
[Round "-"]
[White "Ferrarifan27"]
[Black "ACM42"]
[Result "1-0"]
[WhiteElo "2067"]
[BlackElo "2198"]
[TimeControl "300"]
[EndTime "12:57:17 PDT"]
[Termination "Ferrarifan27 won on time"]

1. e4 e6 2. d4 d5 3. Nc3 Bb4 4. e5 c5 5. a3 Bxc3+ 6. bxc3 Ne7 7. Nf3 b6 8. Bb5+ Bd7 9. a4 Bxb5 10. axb5 a5 11.
bxa6 Rxa6 12. Rxa6 Nxa6 13. Qe2 Nc7 14. O-O O-O 15. Bg5 h6 16. Bh4 Qd7 17. Rb1 Nc8 18.
h3 Qc6 19. g4 Na7 20. Be7 Re8 21. Bd6 Ncb5 22. g5 h5 23. Ra1 Nc8 24. g6 fxg6 25. Nh4 Nxc3 26. Qd3 cxd4 27. Qxg6 Nxd6 28. exd6 Nb5 29. Qxh5 Nxd6 30. Ng6 Nf7 31. Ra7 Qd6 32. Ne5 Qxe5 33. Qxf7+ Kh7 34. Qxe8 Qe1+ 35. Kg2 Qe4+ 36.
Kg3 Qe5+ 37. Kg2 Qe4+ 38. f3 1-0

[Event "Live Chess"]
[Site "Chess.com"]
[Date "2024.06.01"]
[Round "-"]
[White "Grace6363"]
[Black "PureDashingOctopus"]
[Result "0-1"]
[WhiteElo "1149"]
[BlackElo "2261"]
[TimeControl "300"]
[EndTime "12:57:22 PDT"]
[Termination "PureDashingOctopus won by checkmate"]

1. d4 Nf6 2. c4 g6 3. Nc3 d5 4.
c5 Bg7 5. Nf3 O-O 6. Bg5 b6 7.
e3 bxc5 8. dxc5 h6 9. Bh4 g5 10. Bg3 Ne4 11. Nd4 Nxc5 12. Qc2 e5 13. Nf5 Bxf5 14.
Qxf5 d4 15. exd4 exd4 16. Qxc5 dxc3 17. bxc3 Re8+ 18. Be2 Qd3 19. Be5 Rxe5 20. Qe3 Rxe3 21. fxe3 Qxe3 22. Rd1 Bxc3+ 23. Kf1 Bd4 24. Ke1 Nd7 25.
Rf1 Re8 26. Rd2 Bc3 27. Rf3 Qxe2# 0-1

[Event "Live Chess"]
[Site "Chess.com"]
[Date "2024.06.01"]
[Round "-"]
[White "Duke_of_Bebington"]
[Black "TJ-W"]
[Result "1-0"]
[WhiteElo "1592"]
[BlackElo "1565"]
[TimeControl "300"]
[EndTime "12:57:31 PDT"]
[Termination "Duke_of_Bebington won on time"]

1. e4 e5 2. Nf3 Nc6 3. Bc4 Bc5 4. b4 Bxb4 5. c3 Ba5 6. Qb3 Nf6 7. Bxf7+ Kf8 8.
Bd5 Nxd5 9. exd5 Ne7 10. Nxe5 d6 11. Nc4 Bb6 12. Nxb6 axb6 13. O-O g6 14. d4 Kf7 15. Bg5 Bf5 16. Nd2 Qd7 17. Nf3 Rhe8 18. Rfe1 Kg7 19.
Nh4 Ng8 20. Nxf5+ Qxf5 21. Be3 Nf6 22. c4 Ng4 23. h3 Nxe3 24. Rxe3 Rxe3 25. Qxe3 Qf6 26.
Re1 c5 27. dxc5 bxc5 28. Qe7+ Qxe7 29. Rxe7+ Kf6 30. Rxb7 Rxa2 31. Rxh7 Rc2 32. Rh4 g5 33. Rg4 Ke5 34. f3 Kf5 35. Kh2 Kf6 36. Kg3 Kf5 37. h4 gxh4+ 38. Rxh4 Rc3 39. Rf4+ Ke5 40. Kg4 Rc2 41. Re4+ Kf6 42. g3 Ra2 43. Re6+ Kf7 44. Re4 Ra4 45. f4 Kf6 46. f5 Kf7 47. Kg5 Kg7 48. g4 Kf8 49. f6 Ra7 50. Kf5 Rh7 51. g5 Rh3 52. Kg6 Rf3 53. Re6 Rf4 54. Rxd6 Re4 55.
Rd8+ Re8 56. Rxe8+ Kxe8 57. f7+ Kf8 58. Kh7 1-0

[Event "Live Chess"]
[Site "Chess.com"]
[Date "2024.06.01"]
[Round "-"]
[White "degringolade64"]
[Black "wadsy27"]
[Result "1-0"]
[WhiteElo "2160"]
[BlackElo "2547"]
[TimeControl "300"]
[EndTime "12:57:37 PDT"]
[Termination "degringolade64 won by resignation"]

1. e4 Nf6 2. e5 Nd5 3. d4 d6 4. c4 Nb6 5. f4 dxe5 6. fxe5 c5 7. d5 e6 8. Nc3 N8d7 9. Nf3 f6 10. dxe6 Nxe5 11. Qxd8+ Kxd8 12. Nxe5 fxe5 13. Bg5+ Be7 14. O-O-O+ Ke8 15. Bxe7 Kxe7 16. Nd5+ Nxd5 17. cxd5 Kd6 18. Bb5 a6 19. Be2 b5 20. Rhf1 Ra7 21. Rf5 Re7 22. Bf3 g6 23. Rf6 Bb7 24. Be4 Rc8 25.
Kd2 c4 26. Ke3 Rc5 27. Rf8 Rc8 28. Rxc8 Bxc8 29. Rf1 Bb7 30. Rf8 Bxd5 31. Rd8+ Kxe6 32.
Bxd5+ Kf6 33. Rd6+ Kf5 34. Rxa6 Rc7 35. Be4+ Kg5 36.
Rc6 Ra7 37. a3 Ra4 38. Rc5 c3 39. Rxc3 Kf6 40. Rc5 Ra5 41. Bd3 Ra7 42. Rxb5 Ke6 43. Ke4 Ra4+ 44. Rb4 Ra5 45. Rb6+ Kd7 46. Ra6 Rc5 47. b4 Rc3 48. Bb5+ Kc7 49. Rc6+ Rxc6 50. Bxc6 Kxc6 51. Kxe5 1-0

[Event "Live Chess"]
[Site "Chess.com"]
[Date "2024.06.01"]
[Round "-"]
[White "Ksenia_2013"]
[Black "PaulHumphreys"]
[Result "0-1"]
[WhiteElo "835"]
[BlackElo "1394"]
[TimeControl "300"]
[EndTime "12:57:38 PDT"]
[Termination "PaulHumphreys won by checkmate"]

1. e4 e5 2. Nf3 Nc6 3. Bc4 Bc5 4. O-O Nf6 5. Nc3 d6 6. d3 O-O 7. Bg5 h6 8. Bxh6 gxh6 9. Nh4 Na5 10. Qf3 Nxc4 11.
Qg3+ Kh7 12. dxc4 Rg8 13. Qf3 Bg4 14. Qg3 Bh5 15. Qd3 Ng4 16. Qf3 Qxh4 17. h3 Nxf2 18. Qxf2 Bxf2+ 19. Rxf2 Qg3 20. Raf1 c6 21. Ne2 Bxe2 22.
Rxf7+ Kh8 23. R1f6 Qxg2# 0-1

[Event "Live Chess"]
[Site "Chess.com"]
[Date "2024.06.01"]
[Round "-"]
[White "koekoekoe"]
[Black "Stanbad1"]
[Result "0-1"]
[WhiteElo "2055"]
[BlackElo "2666"]
[TimeControl "300"]
[EndTime "12:57:56 PDT"]
[Termination "Stanbad1 won by resignation"]

1. d4 Nf6 2. Bf4 g6 3. e3 Bg7 4. c4 c5 5. Nf3 cxd4 6. exd4 O-O 7. Nc3 d5 8. cxd5 Nxd5 9. Bg3 Nc6 10. Bc4 Nb6 11. Bb3 Bg4 12. O-O Nxd4 13. Re1 Nxf3+ 14. gxf3 Qxd1 15. Raxd1 Bxf3 16. Rd3 Bc6 17. Rxe7 Rae8 18. Rde3 Rxe7 19. Rxe7 Bf6 20. Re3 Rd8 21. Bc7 Rd2 22.
Bxb6 axb6 23. Ne4 Rxb2 24. Nxf6+ Kg7 25. Ne8+ Kf8 26. Kf1 Bxe8 27. Rf3 f5 28. Rc3 Bc6 29. Rc4 Bb5 30. Ke1 Bxc4 31. Bxc4 0-1

[Event "Live Chess"]
[Site "Chess.com"]
[Date "2024.06.01"]
[Round "-"]
[White "WilliamofOrange16th"]
[Black "vincents82"]
[Result "1/2-1/2"]
[WhiteElo "1974"]
[BlackElo "2081"]
[TimeControl "300"]
[EndTime "12:57:58 PDT"]
[Termination "Game drawn by repetition"]

1. e4 d5 2. exd5 Qxd5 3. Nc3 Qd8 4. Nf3 Bg4 5. Be2 e6 6. h3 Bxf3 7. Bxf3 c6 8. O-O Nf6 9. Ne4 Nbd7 10. Nxf6+ Nxf6 11.
d4 Be7 12. c3 O-O 13. Bg5 Nd5 14. Bxe7 Qxe7 15. Re1 Qd7 16. Qc2 Rac8 17. Be4 Nf6 18. Bf3 Rfd8 19. Rad1 Qc7 20. g3 b6 21. Qd2 c5 22.
Qg5 cxd4 23. cxd4 Qd6 24. Rd2 Nd5 25. Be4 h6 26. Qh5 Nf6 27. Qf3 Nxe4 28. Qxe4 Qd5 29. Qxd5 Rxd5 30. Re5 Rcd8 31. Rxd5 Rxd5 32. b4 e5 33. Kf1 Rxd4 34. Rxd4 exd4 35. Ke2 Kf8 36. Kd3 Ke7 37. Kxd4 Kd6 38. a4 a6 39. b5 a5 40. h4 g6 41. g4 f5 42. g5 h5 43.
f4 Ke6 44. Kc4 Kd6 45. Kd4 Ke6 46. Kc4 Kd6 47. Kd4 1/2-1/2

[Event "Live Chess"]
[Site "Chess.com"]
[Date "2024.06.01"]
[Round "-"]
[White "chessgoatpawel"]
[Black "jimwad"]
[Result "1-0"]
[WhiteElo "1957"]
[BlackElo "1269"]
[TimeControl "300"]
[EndTime "12:58:13 PDT"]
[Termination "chessgoatpawel won by resignation"]

1. e4 e5 2. Nf3 Nc6 3. Bb5 Nf6 4.
O-O d6 5. d4 Bd7 6. Bxc6 Bxc6 7.
dxe5 dxe5 8. Qxd8+ Rxd8 9. Nxe5 Bd6 10. Nf3 O-O 11. e5 Ng4 12. exd6 Rxd6 13. Bf4 Rd7 14. Nc3 Nf6 15. Rad1 Rfd8 16. Rxd7 Rxd7 17. Rd1 Rxd1+ 18. Nxd1 Nd5 19. Bg3 Bd7 20. Ne5 Be6 21. c3 c6 22.
Ne3 Nxe3 23. fxe3 Bxa2 24. Nd7 Be6 25. Nc5 b6 26. Nxe6 fxe6 27. b4 a5 28. bxa5 bxa5 29. Kf2 Kf7 30. Ke2 Kf6 31. Kd3 e5 32. Kc4 Ke6 33.
Kb3 Kd5 34. c4+ Ke4 35. Ka4 Kxe3 36. Bxe5 Ke4 37. Bxg7 h5 38. Kxa5 Kf5 39. Kb6 Kg6 40. Kxc6 Kxg7 41. Kd7 1-0

[Event "Live Chess"]
[Site "Chess.com"]
[Date "2024.06.01"]
[Round "-"]
[White "RichardABates"]
[Black "ProfPoisson"]
[Result "1-0"]
[WhiteElo "2233"]
[BlackElo "1278"]
[TimeControl "300"]
[EndTime "12:58:22 PDT"]
[Termination "RichardABates won by resignation"]

1. d4 e6 2. c4 f5 3. g3 Nf6 4.
Bg2 Be7 5. Nf3 d6 6. O-O O-O 7. Nc3 Ne4 8. Qd3 b6 9. Nxe4 fxe4 10. Qxe4 d5 11. Qd3 Bb7 12. Ne5 dxc4 13. Qxc4 Bxg2 14.
Qxe6+ Kh8 15. Kxg2 Qxd4 16. Nf7+ Rxf7 17. Qxf7 Nc6 18. Be3 Qe4+ 19. Qf3 Qxf3+ 20. exf3 Rf8 21. f4 Nb4 22. Rfd1 Nc2 23. Rac1 Nxe3+ 24. fxe3 c5 25. Rd7 Bf6 26. b3 Re8 27. Kf3 h5 28. Rcd1 h4 29. g4 g5 30. Rf7 Bg7 31. Rdd7 gxf4 32. Rxg7 Rxe3+ 33. Kxf4 Rh3 34. Rh7+ Kg8 35. Rdg7+ Kf8 36. Rxa7 Kg8 37. Rhc7 1-0

[Event "Live Chess"]
[Site "Chess.com"]
[Date "2024.06.01"]
[Round "-"]
[White "alicechristina"]
[Black "FlyingChessKestrel13"]
[Result "1/2-1/2"]
[WhiteElo "1840"]
[BlackElo "2078"]
[TimeControl "300"]
[EndTime "12:58:35 PDT"]
[Termination "Game drawn by repetition"]

1. c4 e6 2. e4 b6 3. Nc3 Bb7 4. d4 Ne7 5. Nf3 d5 6. cxd5 exd5 7. e5 Ng6 8. Bd3 Bb4 9. h4 Bxc3+ 10. bxc3 Nd7 11. h5 Ne7 12. Ng5 h6 13. Nf3 c5 14.
Be3 Qc7 15. Qd2 O-O-O 16. O-O c4 17. Be2 Nf8 18. a4 Ne6 19. a5 b5 20. a6 Bc6 21. Rfb1 Nf5 22. Ne1 g5 23. Nc2 Nxe3 24.
Qxe3 Nf4 25. Nb4 Rhe8 26. Bg4+ Kb8 27. Nxc6+ Qxc6 28. Qc1 Ka8 29. Qa3 Rb8 30. Qa5 Qb6 31. Qxb6 Rxb6 32. Ra5 Reb8 33. Bd7 Ne2+ 34. Kh2 Nxc3 35.
Rc1 b4 36. f4 gxf4 37. g3 f3 38. g4 b3 39. Bf5 Ne4 40. Rxd5 Nd2 41. Rd1 c3 42. Rxd2 cxd2 43. Be4 Rc8 44. Rd7+ Rbc6 45.
Bxc6+ Kb8 46. Rb7+ Ka8 47. Rc7+ Kb8 48. Rb7+ Ka8 49.
Rc7+ Kb8 50. Rb7+ 1/2-1/2

[Event "Live Chess"]
[Site "Chess.com"]
[Date "2024.06.01"]
[Round "-"]
[White "DJ_Lambton"]
[Black "Hoogleboogle"]
[Result "0-1"]
[WhiteElo "1729"]
[BlackElo "1404"]
[TimeControl "300"]
[EndTime "12:58:35 PDT"]
[Termination "Hoogleboogle won by checkmate"]

1. c4 c5 2. g3 g6 3. Bg2 Bg7 4. Nc3 Nf6 5. e3 Nc6 6. Nge2 d6 7. O-O Bg4 8. b3 h5 9. h4 Nh7 10. Bb2 g5 11. hxg5 Nxg5 12. d3 h4 13. Qd2 hxg3 14.
fxg3 Nh3+ 15. Bxh3 Rxh3 16. Nf4 Rh7 17. Qf2 Qd7 18.
Nfd5 O-O-O 19. Nb5 Rdh8 20. Bxg7 Rh1+ 21. Kg2 R8h2# 0-1

[Event "Live Chess"]
[Site "Chess.com"]
[Date "2024.06.01"]
[Round "-"]
[White "febray_27"]
[Black "JanMur7"]
[Result "0-1"]
[WhiteElo "1999"]
[BlackElo "2316"]
[TimeControl "300"]
[EndTime "12:59:30 PDT"]
[Termination "JanMur7 won by resignation"]

1. Nf3 Nf6 2. d4 d5 3. g3 e6 4.
Bg2 b6 5. O-O Bb7 6. c4 dxc4 7.
Qa4+ Nbd7 8. Qxc4 Be7 9. Nc3 O-O 10. Bf4 Rc8 11. Rfd1 c5 12. dxc5 Bxc5 13. Qa4 a5 14. Bg5 Qe7 15. Rac1 h6 16. Bf4 Nd5 17. Nxd5 Bxd5 18.
a3 Nf6 19. Be5 Rfd8 20. Bxf6 Qxf6 21. b4 axb4 22. axb4 Bf8 23. Rxc8 Rxc8 24. Qa6 Rb8 25. Qa7 Qd8 26. Ne5 Ra8 27. Qxf7+ Kh7 28. Be4+ Bxe4 29.
Rxd8 Ra1+ 0-1

[Event "Live Chess"]
[Site "Chess.com"]
[Date "2024.06.01"]
[Round "-"]
[White "jimwad"]
[Black "KwikPhoenix"]
[Result "0-1"]
[WhiteElo "1269"]
[BlackElo "2463"]
[TimeControl "300"]
[EndTime "12:59:40 PDT"]
[Termination "KwikPhoenix won by resignation"]

1. d4 e5 2. dxe5 Nc6 3. Nf3 Qe7 4. Bf4 Qb4+ 5. Bd2 Qxb2 6. Bc3 Bb4 7. Qd2 Bxc3 8. Nxc3 Qxa1+ 9. Nd1 Nxe5 10. Nxe5 Qxe5 0-1

[Event "Live Chess"]
[Site "Chess.com"]
[Date "2024.06.01"]
[Round "-"]
[White "TigerTank70"]
[Black "Dhaydon19"]
[Result "1-0"]
[WhiteElo "2213"]
[BlackElo "2667"]
[TimeControl "300"]
[EndTime "12:59:42 PDT"]
[Termination "TigerTank70 won by resignation"]

1. e4 c6 2. d4 d5 3. e5 c5 4. c3 cxd4 5. cxd4 Nc6 6. Nc3 e6 7.
Nf3 Nge7 8. Qb3 Nf5 9. Be3 Nxe3 10. fxe3 Be7 11. Be2 O-O 12. O-O f6 13. Bb5 f5 14.
Ne2 Bd7 15. Nf4 g5 16. Nxd5 exd5 17. Qxd5+ Kg7 18. e6 Be8 19. Bxc6 Bxc6 20. Qe5+ Kg6 21. Qg3 Bd6 22. Nh4+ Kh6 23. Nxf5+ Rxf5 24. Qh3+ Kg7 25. Rxf5 Be8 26. Raf1 Bg6 27. Rf7+ Kg8 28. Qh6 Bf8 29. Rxf8+ Qxf8 30. Rxf8+ Rxf8 31. e7 Re8 32. Qxg5 Kf7 33. e4 Rxe7 34. e5 Ke6 35. d5+ Kd7 36. Qg4+ Kd8 37. e6 Rc7 38. h4 Ke7 39. Qf4 Rc2 40. Qe5 Rd2 41. Qc7+ Kf6 42. Qf4+ Ke7 43. Qxd2 1-0